General information
- name: 1v1 obs TR #?
- type: Custom game
- host: snarker
- saver: TIMG4STRok
map: TurtleRock
- players: 12
- length: 16:47
- speed: Fast
- version: 1.21 W3XP
- replay type:

» download(69 KB)
Players
team 1 (winner)
snarker (
red | 172 APM | 2883 actions | 16:47)
4 Demon Hunter
2 Mana Burn
2 Evasion
4 Naga Sea Witch
2 Frost Arrows
2 Forked Lightning
» actions
| Assign group hotkey | 25 | |
| Basic commands | 235 | |
| Build / train | 64 | |
| Enter build submenu | 11 | |
| Enter hero's abilities submenu | 9 | |
| Give item / drop item | 4 | |
| Right click | 912 | |
| Select / deselect | 268 | |
| Select group hotkey | 1277 | |
| Use ability | 78 | |
2883 total
» units
| Wisp | 18 | |
| Archer | 4 | |
| Dryad | 3 | |
| Druid of the Claw | 10 | |
35 total
» upgrades
| Ultravision | 1 | |
| Druid of the Claw Training | 2 | |
| Abolish Magic | 1 | |
| Well Spring | 1 | |
| Strength of the Wild | 1 | |
| Reinforced Hides | 1 | |
7 total
» buildings
| Altar of Elders | 1 | |
| Moon Well | 4 | |
| Ancient of War | 1 | |
| Tree of Ages | 1 | |
| Hunter's Hall | 1 | |
| Ancient of Wonders | 1 | |
| Ancient of Lore | 2 | |
| Tree of Eternity | 1 | |
| Tree of Life | 1 | |
13 total
» build order
00:05 Altar of Elders
00:19 Moon Well
00:21 Ancient of War
01:33 Moon Well
03:28 Tree of Ages
03:31 Hunter's Hall
03:42 Moon Well
04:33 Ancient of Wonders
04:37 Moon Well
05:56 Ancient of Lore
06:07 Ancient of Lore
06:29 Tree of Eternity
09:54 Tree of Life
» items
| Staff of Preservation | 2 | |
| Scroll of Town Portal | 1 | |
3 total
team 2 (loser)
xDHx (
teal | 107 APM | 1791 actions | 16:46)
3 Demon Hunter
2 Mana Burn
1 Evasion
2 Naga Sea Witch
1 Frost Arrows
1 Forked Lightning
» actions
| Assign group hotkey | 21 | |
| Basic commands | 29 | |
| Build / train | 63 | |
| ESC pressed | 6 | |
| Enter build submenu | 21 | |
| Enter hero's abilities submenu | 5 | |
| Give item / drop item | 4 | |
| Right click | 929 | |
| Select / deselect | 331 | |
| Select group hotkey | 289 | |
| Use ability | 93 | |
1791 total
» units
| Wisp | 22 | |
| Archer | 5 | |
| Dryad | 1 | |
| Druid of the Claw | 7 | |
35 total
» upgrades
| Druid of the Claw Training | 2 | |
2 total
» buildings
| Altar of Elders | 1 | |
| Moon Well | 4 | |
| Ancient of War | 3 | |
| Tree of Ages | 1 | |
| Hunter's Hall | 1 | |
| Ancient of Wonders | 2 | |
| Ancient of Lore | 4 | |
| Tree of Eternity | 1 | |
| Tree of Life | 1 | |
18 total
» build order
00:08 Altar of Elders
00:17 Moon Well
00:24 Ancient of War
01:42 Moon Well
02:37 Moon Well
03:24 Tree of Ages
04:35 Hunter's Hall
04:40 Ancient of Wonders
05:57 Ancient of Lore
06:10 Ancient of War
06:11 Ancient of Lore
07:01 Ancient of War
07:03 Ancient of Lore
07:06 Tree of Eternity
07:35 Ancient of Lore
07:59 Ancient of Wonders
10:46 Moon Well
13:24 Tree of Life
» items
| Dust of Appearance | 1 | |
| Boots of Speed | 5 | |
| Staff of Preservation | 1 | |
| Orb of Venom | 1 | |
| Potion of Healing | 4 | |
12 total
observersTIMG4STRok,
BEAR_AND,
AndreNickatina,
ring-of-element,
Iceberg-Slim,
NFM-aNewHope.,
StormSpire,
koonst,
FlyMax330,
royceroyce2001 Chat log
(00:11 / All) snarker: gl hf sir
(00:25 / All) xDHx: GL
(00:34 / All) snarker: from?
(00:38 / All) xDHx: VENEZUELA
(00:43 / All) snarker: hot
(00:45 / Observers) FlyMax330: fuck
(00:47 / All) xDHx: U?
(00:49 / All) snarker: china
(00:54 / All) xDHx: GG
(01:03 / All) xDHx: MIN 350 PING
(01:45 / Observers) ring-of-element: step one you say we need to talk he walks u say sit down its just a talk
(01:46 / Observers) royceroyce2001: fuck i want to listen to some fat boy slim
(01:58 / Observers) FlyMax330: how will win?
(02:14 / All) snarker: MISCLCIl
(02:32 / Observers) ring-of-element: even match
(03:10 / Observers) FlyMax330: lol
(03:37 / Observers) AndreNickatina: fay boy slim is for fags/
(03:47 / Observers) NFM-aNewHope.: so are you...
(03:50 / Observers) NFM-aNewHope.: oooh disss
(04:01 / Observers) AndreNickatina: mega burn.
(04:02 / Observers) FlyMax330: lol
(04:09 / Observers) ring-of-element: i think im quick to call
(04:13 / Observers) ring-of-element: but
(04:30 / Observers) ring-of-element: teal is awfly correct on reds position
(04:41 / Observers) TIMG4STRok: what do you think hes hacking
(04:44 / Observers) TIMG4STRok: hes just harassing
(04:52 / Observers) ring-of-element: i no
(04:54 / Observers) ring-of-element: i no
(04:56 / Observers) BEAR_AND: creep patterns are pretty easy on this map
(05:00 / Observers) ring-of-element: never said he hacked
(05:00 / Observers) NFM-aNewHope.: well, being that hacking is really fuckin hard you cant assume that much anymore
(05:04 / Observers) AndreNickatina: OMG MH MH
(05:05 / Observers) ring-of-element: i admitt
(05:07 / Observers) AndreNickatina: ALWAYS MH
(05:08 / Observers) royceroyce2001: right about now, the funk show brother
(05:08 / Observers) NFM-aNewHope.: well not really
(05:10 / Observers) NFM-aNewHope.: but harder
(05:13 / Observers) royceroyce2001: check it out now
(05:23 / Observers) BEAR_AND: royce listening to the worst fatboy slim song
(05:25 / Observers) ring-of-element: funk soul brother
(05:33 / Observers) royceroyce2001: show
(05:49 / Observers) NFM-aNewHope.: your mom is fatboyslim...oooooooooooh dissssss
(06:01 / Observers) royceroyce2001: left out of shame for making such a terrible diss
(06:41 / Observers) ring-of-element: lost shop
(07:06 / Observers) royceroyce2001: does snacker the hacker lose
(07:06 / Observers) koonst: red lost
(07:10 / Observers) TIMG4STRok: are you kidding
(07:11 / Observers) TIMG4STRok: he wins
(07:14 / Observers) TIMG4STRok: he denied the aol
(07:16 / Observers) TIMG4STRok: and has 2 up now
(07:20 / Observers) royceroyce2001: KIDDING
(07:21 / Observers) royceroyce2001: jebus
(07:23 / Observers) royceroyce2001: snacker the hacker
(07:27 / Observers) koonst: shoud have pressed him
(07:44 / Observers) royceroyce2001: this song has like 2 lines
(07:44 / Observers) ring-of-element: teal isgunna win
(07:52 / Observers) royceroyce2001: i feel like im listening to a daft punk song
(08:10 / Observers) ring-of-element: im listing to the fray
(08:12 / Observers) ring-of-element: well
(08:15 / Observers) ring-of-element: just one song
(08:24 / Observers) TIMG4STRok: i;'ve never listened to daft punk but that song kanye west did was sweet
(08:34 / Observers) royceroyce2001: yeah
(08:57 / Observers) royceroyce2001: daft punk's technologic flows pretty sweetly
(09:00 / Observers) ring-of-element: big brother aow
(09:49 / Observers) AndreNickatina: no, daft punk is fucking gay too.
(09:52 / Observers) AndreNickatina: you suck at music
(09:57 / Observers) BEAR_AND: what do you like? james blunt?
(10:06 / Observers) BEAR_AND: micheal buble?
(10:07 / Observers) TIMG4STRok: dave matthews band kthx
(10:18 / Observers) ring-of-element: lol
(10:22 / Observers) AndreNickatina: who the hell are those people?
(10:27 / Observers) AndreNickatina: buble?
(10:29 / Observers) ring-of-element: michel buble my momz listen to that
(11:26 / Observers) FlyMax330: no micro
(11:52 / Observers) royceroyce2001: andre listens to jap pop
(11:59 / Observers) BEAR_AND: nice
(12:48 / Observers) AndreNickatina: yea, thats what i listen to.
(12:58 / Observers) royceroyce2001: see
(13:02 / Observers) royceroyce2001: called it
(13:06 / Observers) ring-of-element: i lien t iggrusic
(13:37 / Observers) ring-of-element: andre listen pink floyddy
(13:52 / Observers) BEAR_AND: andre only listens to ac/dc and aerosmith
(13:53 / Observers) AndreNickatina: speak english, dumb fuck
(14:07 / Observers) royceroyce2001: andre is the leave britney alone guy
(15:37 / Observers) FlyMax330: gg
(15:42 / Observers) TIMG4STRok: who called red loses
(15:47 / Observers) ring-of-element: me
(15:50 / Observers) royceroyce2001: snacker the hacker
(15:51 / Observers) ring-of-element: but ity wasa mistacke
(16:36 / All) xDHx: gg
(16:38 / All) snarker: gg